Workbook

Sheet Quick Quote 
B1: Livestock Insurance - Quote
D3: Type of Sale | F3: Auction - Catalogue | I3: =IF(F3='drop downs'!A2,"Private Sale - Quote only and Premiums subject to documentation","") | K3: info about sales | U3: All State
D4: Date of Sale (can change) | F4: =TODAY() -> 46308 | I4: =IF(N4>14,"Premiums are subect to referral due to time since sale","") | K4: info about dates
D5: Policy Type | F5: Stud - Livestock | V5: Mortality only for -
D6: Animal Type | F6: BULLS | I6: =IF(F6="Other","Refer","") | K6: info about animals | U6: =CONCATENATE(F6) -> BULLS | V6: =LOOKUP(F6,'drop downs'!E1:E6,'drop downs'!F1:F6) -> 0 | X6: =CONCATENATE(V5,F6) -> Mortality only for - BULLS
D7: Cover Type | F7: Loss of Use Accident & Illness | I7: =IF(V6=1,X6,"") | U7: =CONCATENATE(F7) -> Loss of Use Accident & Illness
D8: Cover Period | F8: Twelve Months | U8: =CONCATENATE(F8) -> Twelve Months | V8: =LOOKUP(U8,'drop downs'!N1:N2,'drop downs'!O1:O2) -> 12M
D9: Preferred Claim Excess | F9: 0 | U9: =CONCATENATE(F9) -> 0
U10: Code | V10: Rate
D11: Animal destination (State only) | F11: NSW | U11: =CONCATENATE($U$6,"-",$V$8,"-","Less 50","-",$U$7,"-",$F$9) -> BULLS-12M-Less 50-Loss of Use Accident & Illness-0 | V11: =LOOKUP(U11,'All State Rates '!G:G,'All State Rates '!F:F) -> 0.1185 | X11: =LOOKUP(U11,'All State Rates '!G:G,'All State Rates '!G:G) -> BULLS-12M-Less 50-Loss of Use Accident & Illness-0 | AA11: =IF(U11=X11,V11,0) -> 0.1185
U12: =CONCATENATE($U$6,"-",$V$8,"-","More 50","-",$U$7,"-",$F$9) -> BULLS-12M-More 50-Loss of Use Accident & Illness-0 | V12: =LOOKUP(U12,'All State Rates '!G:G,'All State Rates '!F:F) -> 0.1316 | X12: =LOOKUP(U12,'All State Rates '!G:G,'All State Rates '!G:G) -> BULLS-12M-More 50-Loss of Use Accident & Illness-0 | AA12: =IF(U12=X12,V12,0) -> 0.1316
C13: Is there any animals less than 3 month old? | J13: NO | K13: =IF(J13="YES","Unable to Quote - Refer","")
C14: =CONCATENATE('drop downs'!A26) -> Are any of the animals over 5 years of age? | J14: NO | K14: =IF(J14="YES","Unable to Quote - Refer","") | U14: Rate | V14: Excess | W14: Stamp | X14: Fee
C15: Have you had 2 or more livestock Insurance claims in the past 5 years? | J15: NO | K15: =IF(J15="YES","Quote subject to Referral","") | U15: =IF(E19>50000,$AA$12,$AA$11) -> 0.1185 | V15: =SUM(E19*$F$9) -> 0 | W15: =LOOKUP($F$11,'drop downs'!$G$1:$G$8,'drop downs'!$H$1:$H$8) -> 0 | X15: =SUM(G19*10%) -> 0
U16: =IF(E20>50000,$AA$12,$AA$11) -> 0.1185 | V16: =SUM(E20*$F$9) -> 0 | W16: =LOOKUP($F$11,'drop downs'!$G$1:$G$8,'drop downs'!$H$1:$H$8) -> 0 | X16: =SUM(G20*10%) -> 0
U17: =IF(E21>50000,$AA$12,$AA$11) -> 0.1185 | V17: =SUM(E21*$F$9) -> 0 | W17: =LOOKUP($F$11,'drop downs'!$G$1:$G$8,'drop downs'!$H$1:$H$8) -> 0 | X17: =SUM(G21*10%) -> 0
D18: Lot | E18: Value | F18: Excess | G18: Premium | H18: GST | I18: Stamp | J18: U/W Fee | K18: Total | O18: Rate | P18: Excess | Q18: Stamp | R18: Fee | U18: =IF(E22>50000,$AA$12,$AA$11) -> 0.1185 | V18: =SUM(E22*$F$9) -> 0 | W18: =LOOKUP($F$11,'drop downs'!$G$1:$G$8,'drop downs'!$H$1:$H$8) -> 0 | X18: =SUM(G22*10%) -> 0
B19: info about sum insured | F19: =IF(E19=0,"",P19) | G19: =SUM(E19*O19) -> 0 | H19: =SUM(G19*10%) -> 0 | I19: =SUM((G19+H19)*Q19) -> 0 | K19: =SUM(G19+H19+I19+J19) -> 0 | O19: =IF($J$13="YES",U32,U15) -> 0.1185 | P19: =SUM(E19*$F$9) -> 0 | Q19: =LOOKUP($F$11,'drop downs'!$G$1:$G$8,'drop downs'!$H$1:$H$8) -> 0 | R19: =IF($J$13="YES",0,X15) -> 0 | S19: =IF(E19<50000,"Less 50","More 50") -> Less 50 | U19: =IF(E23>50000,$AA$12,$AA$11) -> 0.1185 | V19: =SUM(E23*$F$9) -> 0 | W19: =LOOKUP($F$11,'drop downs'!$G$1:$G$8,'drop downs'!$H$1:$H$8) -> 0 | X19: =SUM(G23*10%) -> 0
B20: info about excess | F20: =IF(E20=0,"",P20) | G20: =SUM(E20*O20) -> 0 | H20: =SUM(G20*10%) -> 0 | I20: =SUM((G20+H20)*Q20) -> 0 | K20: =SUM(G20+H20+I20+J20) -> 0 | O20: =IF($J$13="YES",U33,U16) -> 0.1185 | P20: =SUM(E20*$F$9) -> 0 | Q20: =LOOKUP($F$11,'drop downs'!$G$1:$G$8,'drop downs'!$H$1:$H$8) -> 0 | R20: =IF($J$13="YES",0,X16) -> 0 | S20: =IF(E20<50000,"Less 50","More 50") -> Less 50
F21: =IF(E21=0,"",P21) | G21: =SUM(E21*O21) -> 0 | H21: =SUM(G21*10%) -> 0 | I21: =SUM((G21+H21)*Q21) -> 0 | K21: =SUM(G21+H21+I21+J21) -> 0 | O21: =IF($J$13="YES",U34,U17) -> 0.1185 | P21: =SUM(E21*$F$9) -> 0 | Q21: =LOOKUP($F$11,'drop downs'!$G$1:$G$8,'drop downs'!$H$1:$H$8) -> 0 | R21: =IF($J$13="YES",0,X17) -> 0 | S21: =IF(E21<50000,"Less 50","More 50") -> Less 50
B22: =IF(N29>0,"Referral Required","") | F22: =IF(E22=0,"",P22) | G22: =SUM(E22*O22) -> 0 | H22: =SUM(G22*10%) -> 0 | I22: =SUM((G22+H22)*Q22) -> 0 | K22: =SUM(G22+H22+I22+J22) -> 0 | O22: =IF($J$13="YES",U35,U18) -> 0.1185 | P22: =SUM(E22*$F$9) -> 0 | Q22: =LOOKUP($F$11,'drop downs'!$G$1:$G$8,'drop downs'!$H$1:$H$8) -> 0 | R22: =IF($J$13="YES",0,X18) -> 0 | S22: =IF(E22<50000,"Less 50","More 50") -> Less 50
F23: =IF(E23=0,"",P23) | G23: =SUM(E23*O23) -> 0 | H23: =SUM(G23*10%) -> 0 | I23: =SUM((G23+H23)*Q23) -> 0 | K23: =SUM(G23+H23+I23+J23) -> 0 | O23: =IF($J$13="YES",U36,U19) -> 0.1185 | P23: =SUM(E23*$F$9) -> 0 | Q23: =LOOKUP($F$11,'drop downs'!$G$1:$G$8,'drop downs'!$H$1:$H$8) -> 0 | R23: =IF($J$13="YES",0,X19) -> 0 | S23: =IF(E23<50000,"Less 50","More 50") -> Less 50
G24: =SUM(G19:G23) -> 0 | H24: =SUM(H19:H23) -> 0 | I24: =SUM(I19:I23) -> 0 | J24: =SUM($O$28) -> 55 | K24: =SUM(G24:J24) -> 55
B27: Premium | G27: =SUM(G24) -> 0 | O27: RA Fee | U27: RA Rates
B28: GST | G28: =SUM(H24) -> 0 | O28: 55 | U28: Check
B29: Stamp Duty | G29: =SUM(I24) -> 0 | I29: =LOOKUP(F11,'drop downs'!G1:G8,'drop downs'!H1:H8) -> 0 | U29: =LOOKUP(U11,'Rural Affinity Rates '!G:G,'Rural Affinity Rates '!G:G) -> BULLS-12M-Less 50-Loss of Use Accident & Illness-0 | V29: =LOOKUP(U11,'Rural Affinity Rates '!G:G,'Rural Affinity Rates '!F:F) -> 0.1425 | X29: 0 | AA29: =IF(U11=U29,V29,0) -> 0.1425
B30: =CONCATENATE(J18) -> U/W Fee | G30: =SUM($O$28) -> 55 | U30: =LOOKUP(U12,'Rural Affinity Rates '!G:G,'Rural Affinity Rates '!G:G) -> BULLS-12M-More 50-Loss of Use Accident & Illness-0 | V30: =LOOKUP(U12,'Rural Affinity Rates '!G:G,'Rural Affinity Rates '!F:F) -> 0.1425 | X30: 0 | AA30: =IF(U12=U30,V30,0) -> 0.1425
B31: Total Premium | G31: =SUM(G27:H30) -> 55 | I31: =IF(F3='drop downs'!A2,"Private Sale - Quote only and Premiums subject to documentation","") | J31: Insurer : | K31: =IF(J13="YES","Rural Affinity","All State") -> All State
U32: =SUM($AA$29) -> 0.1425 | V32: =SUM(E19*$F$9) -> 0 | W32: =LOOKUP($F$11,'drop downs'!$G$1:$G$8,'drop downs'!$H$1:$H$8) -> 0
U33: =SUM($AA$29) -> 0.1425 | V33: =SUM(E20*$F$9) -> 0 | W33: =LOOKUP($F$11,'drop downs'!$G$1:$G$8,'drop downs'!$H$1:$H$8) -> 0
B34: All Excess Options - Comparison & Alternative purposes only | U34: =SUM($AA$29) -> 0.1425 | V34: =SUM(E21*$F$9) -> 0 | W34: =LOOKUP($F$11,'drop downs'!$G$1:$G$8,'drop downs'!$H$1:$H$8) -> 0
U35: =SUM($AA$29) -> 0.1425 | V35: =SUM(E22*$F$9) -> 0 | W35: =LOOKUP($F$11,'drop downs'!$G$1:$G$8,'drop downs'!$H$1:$H$8) -> 0
U36: =SUM($AA$29) -> 0.1425 | V36: =SUM(E23*$F$9) -> 0 | W36: =LOOKUP($F$11,'drop downs'!$G$1:$G$8,'drop downs'!$H$1:$H$8) -> 0
B37: 0 | C37: Lot | D37: Value | E37: Excess | F37: Premium | G37: GST | H37: Stamp | I37: UW Fee | J37: Total | L37: Base Rate
C38: =CONCATENATE($D$19) | D38: =SUM($E$19) -> 0 | E38: =SUM(D38*$B$37) -> 0 | F38: =SUM(D38*O38) -> 0 | G38: =SUM(F38*10%) -> 0 | H38: =SUM((F38+G38)*$I$29) -> 0 | J38: =SUM(F38+G38+H38+I38) -> 0 | L38: =IF(F38>0,O38,"") | O38: =LOOKUP(P38,'All State Rates '!G:G,'All State Rates '!F:F) -> 0.1185 | P38: =CONCATENATE($U$62,"-",$B$37) -> BULLS-12M-Less 50-Loss of Use Accident & Illness-0
C39: =CONCATENATE($D$20) | D39: =SUM($E$20) -> 0 | E39: =SUM(D39*$B$37) -> 0 | F39: =SUM(D39*O39) -> 0 | G39: =SUM(F39*10%) -> 0 | H39: =SUM((F39+G39)*$I$29) -> 0 | J39: =SUM(F39+G39+H39+I39) -> 0 | L39: =IF(F39>0,O39,"") | O39: =LOOKUP(P39,'All State Rates '!G:G,'All State Rates '!F:F) -> 0.1185 | P39: =CONCATENATE($U$63,"-",$B$37) -> BULLS-12M-Less 50-Loss of Use Accident & Illness-0
C40: =CONCATENATE($D$21) | D40: =SUM($E$21) -> 0 | E40: =SUM(D40*$B$37) -> 0 | F40: =SUM(D40*O40) -> 0 | G40: =SUM(F40*10%) -> 0 | H40: =SUM((F40+G40)*$I$29) -> 0 | J40: =SUM(F40+G40+H40+I40) -> 0 | L40: =IF(F40>0,O40,"") | O40: =LOOKUP(P40,'All State Rates '!G:G,'All State Rates '!F:F) -> 0.1185 | P40: =CONCATENATE($U$64,"-",$B$37) -> BULLS-12M-Less 50-Loss of Use Accident & Illness-0
C41: =CONCATENATE($D$22) | D41: =SUM($E$22) -> 0 | E41: =SUM(D41*$B$37) -> 0 | F41: =SUM(D41*O41) -> 0 | G41: =SUM(F41*10%) -> 0 | H41: =SUM((F41+G41)*$I$29) -> 0 | J41: =SUM(F41+G41+H41+I41) -> 0 | L41: =IF(F41>0,O41,"") | O41: =LOOKUP(P41,'All State Rates '!G:G,'All State Rates '!F:F) -> 0.1185 | P41: =CONCATENATE($U$65,"-",$B$37) -> BULLS-12M-Less 50-Loss of Use Accident & Illness-0
C42: =CONCATENATE($D$23) | D42: =SUM($E$23) -> 0 | E42: =SUM(D42*$B$37) -> 0 | F42: =SUM(D42*O42) -> 0 | G42: =SUM(F42*10%) -> 0 | H42: =SUM((F42+G42)*$I$29) -> 0 | J42: =SUM(F42+G42+H42+I42) -> 0 | L42: =IF(F42>0,O42,"") | O42: =LOOKUP(P42,'All State Rates '!G:G,'All State Rates '!F:F) -> 0.1185 | P42: =CONCATENATE($U$66,"-",$B$37) -> BULLS-12M-Less 50-Loss of Use Accident & Illness-0
F43: =SUM(F38:F42) -> 0 | G43: =SUM(G38:G42) -> 0 | H43: =SUM(H38:H42) -> 0 | I43: =SUM($O$28) -> 55 | J43: =SUM(F43:I43) -> 55 | U43: Options
L44: =IF(F44>0,O44,"") | U44: =_xlfn.TEXTBEFORE(U11,V44) -> BULLS-12M-Less 50-Loss of Use Accident & Illness | V44: =CONCATENATE("-",F9) -> -0 | W44: 0 | X44: =IF(W44=$F$9,"No","Yes") -> No
B45: 0.1 | C45: Lot | D45: Value | E45: Excess | F45: Premium | G45: GST | H45: Stamp | I45: UW Fee | J45: Total | U45: =_xlfn.TEXTBEFORE(U12,V45) -> BULLS-12M-More 50-Loss of Use Accident & Illness | V45: =CONCATENATE("-",F9) -> -0 | W45: 0.1 | X45: =IF(W45=$F$9,"No","Yes") -> Yes
C46: =CONCATENATE($D$19) | D46: =SUM($E$19) -> 0 | E46: =SUM(D46*$B$45) -> 0 | F46: =SUM(D46*O46) -> 0 | G46: =SUM(F46*10%) -> 0 | H46: =SUM((F46+G46)*$I$29) -> 0 | J46: =SUM(F46+G46+H46+I46) -> 0 | L46: =IF(F46>0,O46,"") | O46: =LOOKUP(P46,'All State Rates '!G:G,'All State Rates '!F:F) -> 0.1066 | P46: =CONCATENATE($U$62,"-",$B$45) -> BULLS-12M-Less 50-Loss of Use Accident & Illness-0.1 | W46: 0.15 | X46: =IF(W46=$F$9,"No","Yes") -> Yes
C47: =CONCATENATE($D$20) | D47: =SUM($E$20) -> 0 | E47: =SUM(D47*$B$45) -> 0 | F47: =SUM(D47*O47) -> 0 | G47: =SUM(F47*10%) -> 0 | H47: =SUM((F47+G47)*$I$29) -> 0 | J47: =SUM(F47+G47+H47+I47) -> 0 | L47: =IF(F47>0,O47,"") | O47: =LOOKUP(P47,'All State Rates '!G:G,'All State Rates '!F:F) -> 0.1066 | P47: =CONCATENATE($U$63,"-",$B$45) -> BULLS-12M-Less 50-Loss of Use Accident & Illness-0.1 | W47: 0.2 | X47: =IF(W47=$F$9,"No","Yes") -> Yes
C48: =CONCATENATE($D$21) | D48: =SUM($E$21) -> 0 | E48: =SUM(D48*$B$45) -> 0 | F48: =SUM(D48*O48) -> 0 | G48: =SUM(F48*10%) -> 0 | H48: =SUM((F48+G48)*$I$29) -> 0 | J48: =SUM(F48+G48+H48+I48) -> 0 | L48: =IF(F48>0,O48,"") | O48: =LOOKUP(P48,'All State Rates '!G:G,'All State Rates '!F:F) -> 0.1066 | P48: =CONCATENATE($U$64,"-",$B$45) -> BULLS-12M-Less 50-Loss of Use Accident & Illness-0.1 | W48: 0.25 | X48: =IF(W48=$F$9,"No","Yes") -> Yes
C49: =CONCATENATE($D$22) | D49: =SUM($E$22) -> 0 | E49: =SUM(D49*$B$45) -> 0 | F49: =SUM(D49*O49) -> 0 | G49: =SUM(F49*10%) -> 0 | H49: =SUM((F49+G49)*$I$29) -> 0 | J49: =SUM(F49+G49+H49+I49) -> 0 | L49: =IF(F49>0,O49,"") | O49: =LOOKUP(P49,'All State Rates '!G:G,'All State Rates '!F:F) -> 0.1066 | P49: =CONCATENATE($U$65,"-",$B$45) -> BULLS-12M-Less 50-Loss of Use Accident & Illness-0.1
C50: =CONCATENATE($D$23) | D50: =SUM($E$23) -> 0 | E50: =SUM(D50*$B$45) -> 0 | F50: =SUM(D50*O50) -> 0 | G50: =SUM(F50*10%) -> 0 | H50: =SUM((F50+G50)*$I$29) -> 0 | J50: =SUM(F50+G50+H50+I50) -> 0 | L50: =IF(F50>0,O50,"") | O50: =LOOKUP(P50,'All State Rates '!G:G,'All State Rates '!F:F) -> 0.1066 | P50: =CONCATENATE($U$66,"-",$B$45) -> BULLS-12M-Less 50-Loss of Use Accident & Illness-0.1 | U50: =CONCATENATE($U$44,"-",W44) -> BULLS-12M-Less 50-Loss of Use Accident & Illness-0 | V50: 0 | W50: =LOOKUP(V50,$W$44:$W$48,$X$44:$X$48) -> No | X50: =LOOKUP(U50,'All State Rates '!G:G,'All State Rates '!F:F) -> 0.1185
F51: =SUM(F46:F50) -> 0 | G51: =SUM(G46:G50) -> 0 | H51: =SUM(H46:H50) -> 0 | I51: =SUM($O$28) -> 55 | J51: =SUM(F51:I51) -> 55 | U51: =CONCATENATE($U$44,"-",W45) -> BULLS-12M-Less 50-Loss of Use Accident & Illness-0.1 | V51: 0.1 | W51: =LOOKUP(V51,$W$44:$W$48,$X$44:$X$48) -> Yes | X51: =LOOKUP(U51,'All State Rates '!G:G,'All State Rates '!F:F) -> 0.1066
L52: =IF(F52>0,O52,"") | U52: =CONCATENATE($U$44,"-",W46) -> BULLS-12M-Less 50-Loss of Use Accident & Illness-0.15 | V52: 0.15 | W52: =LOOKUP(V52,$W$44:$W$48,$X$44:$X$48) -> Yes | X52: =LOOKUP(U52,'All State Rates '!G:G,'All State Rates '!F:F) -> 0.1007
B53: 0.15 | C53: Lot | D53: Value | E53: Excess | F53: Premium | G53: GST | H53: Stamp | I53: UW Fee | J53: Total | U53: =CONCATENATE($U$44,"-",W47) -> BULLS-12M-Less 50-Loss of Use Accident & Illness-0.2 | V53: 0.2 | W53: =LOOKUP(V53,$W$44:$W$48,$X$44:$X$48) -> Yes | X53: =LOOKUP(U53,'All State Rates '!G:G,'All State Rates '!F:F) -> 0.0948
C54: =CONCATENATE($D$19) | D54: =SUM($E$19) -> 0 | E54: =SUM(D54*$B$53) -> 0 | F54: =SUM(D54*O54) -> 0 | G54: =SUM(F54*10%) -> 0 | H54: =SUM((F54+G54)*$I$29) -> 0 | J54: =SUM(F54+G54+H54+I54) -> 0 | L54: =IF(F54>0,O54,"") | O54: =LOOKUP(P54,'All State Rates '!G:G,'All State Rates '!F:F) -> 0.1007 | P54: =CONCATENATE($U$62,"-",$B$53) -> BULLS-12M-Less 50-Loss of Use Accident & Illness-0.15 | U54: =CONCATENATE($U$44,"-",W48) -> BULLS-12M-Less 50-Loss of Use Accident & Illness-0.25 | V54: 0.25 | W54: =LOOKUP(V54,$W$44:$W$48,$X$44:$X$48) -> Yes | X54: =LOOKUP(U54,'All State Rates '!G:G,'All State Rates '!F:F) -> 0.0888
C55: =CONCATENATE($D$20) | D55: =SUM($E$20) -> 0 | E55: =SUM(D55*$B$53) -> 0 | F55: =SUM(D55*O55) -> 0 | G55: =SUM(F55*10%) -> 0 | H55: =SUM((F55+G55)*$I$29) -> 0 | J55: =SUM(F55+G55+H55+I55) -> 0 | L55: =IF(F55>0,O55,"") | O55: =LOOKUP(P55,'All State Rates '!G:G,'All State Rates '!F:F) -> 0.1007 | P55: =CONCATENATE($U$63,"-",$B$53) -> BULLS-12M-Less 50-Loss of Use Accident & Illness-0.15 | U55: =CONCATENATE($U$45,"-",W44) -> BULLS-12M-More 50-Loss of Use Accident & Illness-0 | V55: 0 | W55: =LOOKUP(V55,$W$44:$W$48,$X$44:$X$48) -> No | X55: =LOOKUP(U55,'All State Rates '!G:G,'All State Rates '!F:F) -> 0.1316
C56: =CONCATENATE($D$21) | D56: =SUM($E$21) -> 0 | E56: =SUM(D56*$B$53) -> 0 | F56: =SUM(D56*O56) -> 0 | G56: =SUM(F56*10%) -> 0 | H56: =SUM((F56+G56)*$I$29) -> 0 | J56: =SUM(F56+G56+H56+I56) -> 0 | L56: =IF(F56>0,O56,"") | O56: =LOOKUP(P56,'All State Rates '!G:G,'All State Rates '!F:F) -> 0.1007 | P56: =CONCATENATE($U$64,"-",$B$53) -> BULLS-12M-Less 50-Loss of Use Accident & Illness-0.15 | U56: =CONCATENATE($U$45,"-",W45) -> BULLS-12M-More 50-Loss of Use Accident & Illness-0.1 | V56: 0.1 | W56: =LOOKUP(V56,$W$44:$W$48,$X$44:$X$48) -> Yes | X56: =LOOKUP(U56,'All State Rates '!G:G,'All State Rates '!F:F) -> 0.1185
C57: =CONCATENATE($D$22) | D57: =SUM($E$22) -> 0 | E57: =SUM(D57*$B$53) -> 0 | F57: =SUM(D57*O57) -> 0 | G57: =SUM(F57*10%) -> 0 | H57: =SUM((F57+G57)*$I$29) -> 0 | J57: =SUM(F57+G57+H57+I57) -> 0 | L57: =IF(F57>0,O57,"") | O57: =LOOKUP(P57,'All State Rates '!G:G,'All State Rates '!F:F) -> 0.1007 | P57: =CONCATENATE($U$65,"-",$B$53) -> BULLS-12M-Less 50-Loss of Use Accident & Illness-0.15 | U57: =CONCATENATE($U$45,"-",W46) -> BULLS-12M-More 50-Loss of Use Accident & Illness-0.15 | V57: 0.15 | W57: =LOOKUP(V57,$W$44:$W$48,$X$44:$X$48) -> Yes | X57: =LOOKUP(U57,'All State Rates '!G:G,'All State Rates '!F:F) -> 0.1119
C58: =CONCATENATE($D$23) | D58: =SUM($E$23) -> 0 | E58: =SUM(D58*$B$53) -> 0 | F58: =SUM(D58*O58) -> 0 | G58: =SUM(F58*10%) -> 0 | H58: =SUM((F58+G58)*$I$29) -> 0 | J58: =SUM(F58+G58+H58+I58) -> 0 | L58: =IF(F58>0,O58,"") | O58: =LOOKUP(P58,'All State Rates '!G:G,'All State Rates '!F:F) -> 0.1007 | P58: =CONCATENATE($U$66,"-",$B$53) -> BULLS-12M-Less 50-Loss of Use Accident & Illness-0.15 | U58: =CONCATENATE($U$45,"-",W47) -> BULLS-12M-More 50-Loss of Use Accident & Illness-0.2 | V58: 0.2 | W58: =LOOKUP(V58,$W$44:$W$48,$X$44:$X$48) -> Yes | X58: =LOOKUP(U58,'All State Rates '!G:G,'All State Rates '!F:F) -> 0.1053
F59: =SUM(F54:F58) -> 0 | G59: =SUM(G54:G58) -> 0 | H59: =SUM(H54:H58) -> 0 | I59: =SUM($O$28) -> 55 | J59: =SUM(F59:I59) -> 55 | U59: =CONCATENATE($U$45,"-",W48) -> BULLS-12M-More 50-Loss of Use Accident & Illness-0.25 | V59: 0.25 | W59: =LOOKUP(V59,$W$44:$W$48,$X$44:$X$48) -> Yes | X59: =LOOKUP(U59,'All State Rates '!G:G,'All State Rates '!F:F) -> 0.0987
L60: =IF(F60>0,O60,"")
B61: 0.2 | C61: Lot | D61: Value | E61: Excess | F61: Premium | G61: GST | H61: Stamp | I61: UW Fee | J61: Total
C62: =CONCATENATE($D$19) | D62: =SUM($E$19) -> 0 | E62: =SUM(D62*$B$61) -> 0 | F62: =SUM(D62*O62) -> 0 | G62: =SUM(F62*10%) -> 0 | H62: =SUM((F62+G62)*$I$29) -> 0 | J62: =SUM(F62+G62+H62+I62) -> 0 | L62: =IF(F62>0,O62,"") | O62: =LOOKUP(P62,'All State Rates '!G:G,'All State Rates '!F:F) -> 0.0948 | P62: =CONCATENATE($U$62,"-",$B$61) -> BULLS-12M-Less 50-Loss of Use Accident & Illness-0.2 | U62: =CONCATENATE($F$6,"-",$V$8,"-",S19,"-",$F$7) -> BULLS-12M-Less 50-Loss of Use Accident & Illness
C63: =CONCATENATE($D$20) | D63: =SUM($E$20) -> 0 | E63: =SUM(D63*$B$61) -> 0 | F63: =SUM(D63*O63) -> 0 | G63: =SUM(F63*10%) -> 0 | H63: =SUM((F63+G63)*$I$29) -> 0 | J63: =SUM(F63+G63+H63+I63) -> 0 | L63: =IF(F63>0,O63,"") | O63: =LOOKUP(P63,'All State Rates '!G:G,'All State Rates '!F:F) -> 0.0948 | P63: =CONCATENATE($U$63,"-",$B$61) -> BULLS-12M-Less 50-Loss of Use Accident & Illness-0.2 | U63: =CONCATENATE($F$6,"-",$V$8,"-",S20,"-",$F$7) -> BULLS-12M-Less 50-Loss of Use Accident & Illness
C64: =CONCATENATE($D$21) | D64: =SUM($E$21) -> 0 | E64: =SUM(D64*$B$61) -> 0 | F64: =SUM(D64*O64) -> 0 | G64: =SUM(F64*10%) -> 0 | H64: =SUM((F64+G64)*$I$29) -> 0 | J64: =SUM(F64+G64+H64+I64) -> 0 | L64: =IF(F64>0,O64,"") | O64: =LOOKUP(P64,'All State Rates '!G:G,'All State Rates '!F:F) -> 0.0948 | P64: =CONCATENATE($U$64,"-",$B$61) -> BULLS-12M-Less 50-Loss of Use Accident & Illness-0.2 | U64: =CONCATENATE($F$6,"-",$V$8,"-",S21,"-",$F$7) -> BULLS-12M-Less 50-Loss of Use Accident & Illness
C65: =CONCATENATE($D$22) | D65: =SUM($E$22) -> 0 | E65: =SUM(D65*$B$61) -> 0 | F65: =SUM(D65*O65) -> 0 | G65: =SUM(F65*10%) -> 0 | H65: =SUM((F65+G65)*$I$29) -> 0 | J65: =SUM(F65+G65+H65+I65) -> 0 | L65: =IF(F65>0,O65,"") | O65: =LOOKUP(P65,'All State Rates '!G:G,'All State Rates '!F:F) -> 0.0948 | P65: =CONCATENATE($U$65,"-",$B$61) -> BULLS-12M-Less 50-Loss of Use Accident & Illness-0.2 | U65: =CONCATENATE($F$6,"-",$V$8,"-",S22,"-",$F$7) -> BULLS-12M-Less 50-Loss of Use Accident & Illness
C66: =CONCATENATE($D$23) | D66: =SUM($E$23) -> 0 | E66: =SUM(D66*$B$61) -> 0 | F66: =SUM(D66*O66) -> 0 | G66: =SUM(F66*10%) -> 0 | H66: =SUM((F66+G66)*$I$29) -> 0 | J66: =SUM(F66+G66+H66+I66) -> 0 | L66: =IF(F66>0,O66,"") | O66: =LOOKUP(P66,'All State Rates '!G:G,'All State Rates '!F:F) -> 0.0948 | P66: =CONCATENATE($U$66,"-",$B$61) -> BULLS-12M-Less 50-Loss of Use Accident & Illness-0.2 | U66: =CONCATENATE($F$6,"-",$V$8,"-",S23,"-",$F$7) -> BULLS-12M-Less 50-Loss of Use Accident & Illness
F67: =SUM(F62:F66) -> 0 | G67: =SUM(G62:G66) -> 0 | H67: =SUM(H62:H66) -> 0 | I67: =SUM($O$28) -> 55 | J67: =SUM(F67:I67) -> 55
L68: =IF(F68>0,O68,"")
B69: 0.25 | C69: Lot | D69: Value | E69: Excess | F69: Premium | G69: GST | H69: Stamp | I69: UW Fee | J69: Total
C70: =CONCATENATE($D$19) | D70: =SUM($E$19) -> 0 | E70: =SUM(D70*$B$69) -> 0 | F70: =SUM(D70*O70) -> 0 | G70: =SUM(F70*10%) -> 0 | H70: =SUM((F70+G70)*$I$29) -> 0 | J70: =SUM(F70+G70+H70+I70) -> 0 | L70: =IF(F70>0,O70,"") | O70: =LOOKUP(P70,'All State Rates '!G:G,'All State Rates '!F:F) -> 0.0888 | P70: =CONCATENATE($U$62,"-",$B$69) -> BULLS-12M-Less 50-Loss of Use Accident & Illness-0.25
C71: =CONCATENATE($D$20) | D71: =SUM($E$20) -> 0 | E71: =SUM(D71*$B$69) -> 0 | F71: =SUM(D71*O71) -> 0 | G71: =SUM(F71*10%) -> 0 | H71: =SUM((F71+G71)*$I$29) -> 0 | J71: =SUM(F71+G71+H71+I71) -> 0 | L71: =IF(F71>0,O71,"") | O71: =LOOKUP(P71,'All State Rates '!G:G,'All State Rates '!F:F) -> 0.0888 | P71: =CONCATENATE($U$63,"-",$B$69) -> BULLS-12M-Less 50-Loss of Use Accident & Illness-0.25
C72: =CONCATENATE($D$21) | D72: =SUM($E$21) -> 0 | E72: =SUM(D72*$B$69) -> 0 | F72: =SUM(D72*O72) -> 0 | G72: =SUM(F72*10%) -> 0 | H72: =SUM((F72+G72)*$I$29) -> 0 | J72: =SUM(F72+G72+H72+I72) -> 0 | L72: =IF(F72>0,O72,"") | O72: =LOOKUP(P72,'All State Rates '!G:G,'All State Rates '!F:F) -> 0.0888 | P72: =CONCATENATE($U$64,"-",$B$69) -> BULLS-12M-Less 50-Loss of Use Accident & Illness-0.25
C73: =CONCATENATE($D$22) | D73: =SUM($E$22) -> 0 | E73: =SUM(D73*$B$69) -> 0 | F73: =SUM(D73*O73) -> 0 | G73: =SUM(F73*10%) -> 0 | H73: =SUM((F73+G73)*$I$29) -> 0 | J73: =SUM(F73+G73+H73+I73) -> 0 | L73: =IF(F73>0,O73,"") | O73: =LOOKUP(P73,'All State Rates '!G:G,'All State Rates '!F:F) -> 0.0888 | P73: =CONCATENATE($U$65,"-",$B$69) -> BULLS-12M-Less 50-Loss of Use Accident & Illness-0.25
C74: =CONCATENATE($D$23) | D74: =SUM($E$23) -> 0 | E74: =SUM(D74*$B$69) -> 0 | F74: =SUM(D74*O74) -> 0 | G74: =SUM(F74*10%) -> 0 | H74: =SUM((F74+G74)*$I$29) -> 0 | J74: =SUM(F74+G74+H74+I74) -> 0 | L74: =IF(F74>0,O74,"") | O74: =LOOKUP(P74,'All State Rates '!G:G,'All State Rates '!F:F) -> 0.0888 | P74: =CONCATENATE($U$66,"-",$B$69) -> BULLS-12M-Less 50-Loss of Use Accident & Illness-0.25
F75: =SUM(F70:F74) -> 0 | G75: =SUM(G70:G74) -> 0 | H75: =SUM(H70:H74) -> 0 | I75: =SUM($O$28) -> 55 | J75: =SUM(F75:I75) -> 55
B78: Application Details
B81: Sales Venue | C81: Sales Venue
B83: rma network agent
B85: Insured Name | H85: ABN
B86: (option add additional)
B88: Situation Address | H88: Postal
H89: (if different)
B91: Insured Email Address | H91: Phone
B93: Interested Parties (if any) | C93: interested party
B95: Underwriting information/disclosure
B96: In the last 5 years :
B98: Have you or any partner or director been declined insurance or had a special condition imposed? | I98: NO | J98: =IF(I98="YES","Refer to RMA Insurance Brokers","")
B99: been declared bankrupt or involved in a business which has been declared bankrupt,
B100: become insolvent or subject to voluntary administration?
B103: Been convicted of or have charges pending of any crime involving drugs, theft, fraud, | I103: NO | J103: =IF(I103="YES","Refer to RMA Insurance Brokers","")
B104: dishonesty or violence against any person or property?
B107: Are you aware of any contagious or infectious diseases at the Situation | I107: NO | J107: =IF(I107="YES","Refer to RMA Insurance Brokers","")
B108: or within the surrounding area of the Situation?
B111: In the past 5 years had a claim or loss incident (or aware of loss incident or claim yet to be notified) | I111: NO
B112: for any of the section’s selected?
B115: =IF(I111="Yes","How many?","") | E115: =IF(D115>2,"Refer to RMA Insurance Brokers","") | J115: =IF(I111="YES","Year","") | K115: =IF(I111="YES","Claim Value $","")
B116: =IF(I111="yes","Please provide details of type of claims, dates and values","")
B121: Any additional information to any questions above : -
B130: Declaration
B131: I/We:
B132: Agree that when this application card is accepted by the Insurer, cover is bound and cover cannot be cancelled and
B133: I confirm that the sum proposed for insurance represents their full value and is no more than the purchase price.
B134: I understand that Underwriters have relied on information within this document.
...

Sheet Quote & Application
B1: Livestock Insurance - Quote
R2: Notes
B3: Type of Sale | E3: Auction - Catalogue | H3: =IF(E3='drop downs'!A2,"Private Sale - Quote only and Premiums subject to documentation","") | J3: info about sales | R3: if "private sale" will be quote only and email appropriate docs, subject to full application and documents
B4: Date of Sale (can change) | E4: =TODAY() -> 46308 | H4: =IF(M4>14,"Premiums are subect to referral due to time since sale","") | J4: info about dates | M4: =SUM(N4-E4) -> 0 | N4: =TODAY() -> 46308 | R4: if over 14 days refer AND WILL BE A QUOTE ONLY
B5: Policy Type
B6: Animal Type | E6: BULLS | H6: =IF(E6="Other","Refer","") | J6: info about animals | O6: =IF(E6="Ram",1,0) -> 0 | R6: When transit seelvted a further option appears on the type of transit
B7: Cover Type | E7: Mortality & Loss of Use | H7: =IF(O8>0,"Select Mortality option only","") | O7: =IF(E6="ewe",1,0) -> 0 | P7: =IF(E6="Cow",1,0) -> 0 | R7: if "other" refer
B8: Cover Period | E8: Twelve Months | O8: =SUM(O7+P7+O6) -> 0 | R8: "Loss of use cover" available for Bull & RAM animal type only
B10: Animal destination (State only) | E10: NSW
R11: used for Stamp duty calculation
E13: Lot | F13: Value | G13: Excess | H13: Lot | I13: Value | J13: Excess
B14: info about sum insured | F14: 20000 | G14: =IF($I$21="No","$0",F14*20%) -> $0 | J14: =IF($I$21="No","$0",I14*20%) -> $0
B15: info about excess | G15: =IF($I$21="No","$0",F15*20%) -> $0 | J15: =IF($I$21="No","$0",I15*20%) -> $0 | R15: gives the optons based on number selected
G16: =IF($I$21="No","$0",F16*20%) -> $0 | J16: =IF($I$21="No","$0",I16*20%) -> $0
B17: =IF(M28>0,"Referral Required","") | G17: =IF($I$21="No","$0",F17*20%) -> $0 | J17: =IF($I$21="No","$0",I17*20%) -> $0 | M17: diff rates | N17: transit only ref
G18: =IF($I$21="No","$0",F18*20%) -> $0 | J18: =IF($I$21="No","$0",I18*20%) -> $0 | M18: =IF(F14>70000,1,0) -> 0 | N18: =IF(F14>35000,1,0) -> 0 | O18: Rate | R18: Options to add Categlogue photos only required in Quote to be bound
H19: TOTAL Value | I19: {=SUM(F14:F18+I14:I18)} -> 20000 | M19: =IF(F15>70000,1,0) -> 0 | N19: =IF(F15>35000,1,0) -> 0 | O19: =SUM('Rates & Rating'!C22) -> 0.1425
M20: =IF(F16>70000,1,0) -> 0 | N20: =IF(F16>35000,1,0) -> 0 | R20: For Transit insurance cover needs to refer in any individual animal goes over $20,000
B21: Do you wish to take a 20% excess of the value of each animal to reduce premium? | H21: info | I21: NO | M21: =IF(F17>70000,1,0) -> 0 | N21: =IF(F17>35000,1,0) -> 0
B22: =IF(E5='drop downs'!C1,'drop downs'!Q1,"Postcode of departure") -> Are all animals over 6 month old, and under 7 years (Cattle) 4 year (Sheep) of age? | H22: info | I22: YES | M22: =IF(F18>70000,1,0) -> 0 | N22: =IF(F18>35000,1,0) -> 0 | R22: the number of spots apprears based on the number of lots selected
B23: Do you with to add "Theft" cover? | H23: info | I23: NO | M23: =IF(I14>70000,1,0) -> 0 | N23: =IF(I14>35000,1,0) -> 0
B24: =IF(E5='drop downs'!C1,'drop downs'!Q4,"") -> Have you had 2 or more livestock Insurance claims in the past 5 years? | G24: =IF(I24="Yes","Referral Required","") | I24: NO | M24: =IF(I15>70000,1,0) -> 0 | N24: =IF(I15>35000,1,0) -> 0
M25: =IF(I16>70000,1,0) -> 0 | N25: =IF(I16>35000,1,0) -> 0
B26: Premium | F26: =SUM(N39) -> 2850 | M26: =IF(I17>70000,1,0) -> 0 | N26: =IF(I17>35000,1,0) -> 0
B27: GST | F27: =SUM(F26*10%) -> 285 | M27: =IF(I18>70000,1,0) -> 0 | N27: =IF(I18>35000,1,0) -> 0
B28: Stamp Duty | F28: {=SUM((F26:G27)*H28)} -> 0 | H28: =IF(E5='drop downs'!C2,0%,P41) -> 0 | M28: =SUM(M18:M27) -> 0 | N28: =SUM(N18:N27) -> 0 | P28: 0
B29: Fee | F29: =IF(I19>0,82.5,0) -> 82.5
B30: Total Premium | F30: =SUM(F26:G29) -> 3217.5 | H30: =IF(E3='drop downs'!A2,"Private Sale - Quote only and Premiums subject to documentation","") | I30: Insurer : | J30: =CONCATENATE(O30) -> Rural Affinity Insurance | O30: =IF(U30>1,'Rates & Rating'!O7,P30) -> Rural Affinity Insurance | P30: =IF(N39>910,'Rates & Rating'!O8,'Rates & Rating'!O7) -> Rural Affinity Insurance | S30: =IF(E6="ram",1,0) -> 0 | T30: =IF(E7='drop downs'!F1,1,0) -> 0 | U30: =SUM(S30+T30) -> 0
M31: manditory for Stud Product | R31: if "NO" refer - default is "Yes"
M33: theft loading | O33: =SUM('Rates & Rating'!C26) -> 0 | R33: Theft Question Applies to Rural Affinity pricing only and additional rates . Questions deletes if CGU used or Transit Cover selected
B34: Application details | O34: =SUM(O19+O33) -> 0.1425
M35: excess discount | O35: =IF(I21="Yes",Q35,O34) -> 0.1425 | Q35: =SUM(O34-(O34*20%)) -> 0.114 | R35: 20% excess option applies to Rural Affinity pricing only and 20% reduction in rates. Question deletes if CGU used or transit only cover selected
B36: Sales Venue
M37: manditory for Stud Product | R37: Quote , but subject to referral if answer is "Yes"
B38: rma network agent details | O38: min | P38: Prem | Q38: =SUM(Q39+(Q39*'Rates & Rating'!T2)) -> 0.1506225 | R38: CGU loading
N39: =IF(P39<O39,O39,P39) -> 2850 | O39: 910 | P39: =SUM(I19*Q39) -> 2850 | Q39: =SUM(O35+(O35*P28)) -> 0.1425 | R39: final Rate taking into consideration of any animals over $30k and appliying the 5.5% CGU product loading
B40: Insured Name | H40: ABN
B41: (option to add additional insured) | P41: =LOOKUP(E10,'drop downs'!G1:G8,'drop downs'!H1:H8) -> 0 | R41: minimum premium for any transaction is $910 base premium
B43: Situation Address | H43: Postal | R43: Option to save as quote and email/text to all approriate parties
H44: (if different)
B46: Insured Email Address | H46: Phone
B48: Interested Parties (if any)
B50: Underwriting information/disclosure
B51: In the last 10 years :
B52: have you ever had an insurance policy declined or cancelled, or claim rejected? | I52: NO
B54: been convicted of or have charges pending of any crime involving drugs, theft, fraud, | I54: NO
B55: dishonesty or violence against any person or property?
B57: In the past 5 years,have you made any insurance claims for livestock? | I57: YES
B58: =IF(I57="Yes","How many?","") -> How many?
B59: =IF(I57="yes","Please provide details of what type of claims and values","") -> Please provide details of what type of claims and values
B63: Are you aware of any contagious or infectious diseases at the Situation or within the surrounding area of the Situation? | J63: NO
R64: if "yes" area for details Appears and referral
B65: Any additional information to any questions above : -
R69: if "yes" for questions
R71: needs to refer if more than 2 claims
B72: Declaration
B73: I/We:
B74: • Agree that when this application card is accepted by the Insurer, cover is bound and cover cannot be cancelled and
B75: I/We agree to pay the premium quoted;
B76: • on requesting cover on this policy will received a copy of the Livestock Policy Wording and agree to accept the insurance
B77: subject to the terms, conditions and limitations of this policy, including the general conditions; | H77: =CONCATENATE(P30) -> Rural Affinity Insurance
B78: • on requesting cover on this policy will read the Important Information relating to this insurance attached to this application;
B79: • Declare everything on this application to be true and correct and I/We have not withheld any relevant information.
B81: =LOOKUP(J30,'Rates & Rating'!O7:O8,'Rates & Rating'!P7:P8) -> Rural Affinity Insurance Agency Pty Ltd
B82: =LOOKUP(J30,'Rates & Rating'!O7:O8,'Rates & Rating'!Q7:Q8) -> ABN 72 119 838 854 AFS Licence No. 302182
B83: =LOOKUP(J30,'Rates & Rating'!O7:O8,'Rates & Rating'!R7:R8) -> Underwritten by Great Lakes Insurance SE trading as Great Lakes Australia (ARBN 127 740 532, ABN 18 964 580 576, AFSL 318603)
B86: Signature : -
B88: Date : - | C88: =TODAY() -> 46308
B90: Important information
B91: Who can distribute this application card? | G91: Privacy
B92: Any broker authorised by Rural Affinity in writing. | G92: We are committed to the safe and careful use of Your personal
B93: Where and when does this card need to be sent? | G93: information in the manner required by the Privacy Act 1988 (Cth),
B94: The application, catalogue cover and relevant catalogue pages with | G94: the Australian Privacy Principles and the terms of this Policy. In this
B95: animal details must be sent to Rural Affinity immediately following the | G95: privacy section, “We”, “Us” and “Our” means the insurer and Rural
B96: sale. Any delay may result in the policy resorting to a private sale | G96: Affinity as applicable.
B97: application process or there being no cover in place. | G97: We and Rural Affinity collect Your personal information in order to
B98: What stamp duty applies? | G98: assess Your application for insurance and, if Your application is
B99: The address where the animal is to be located (Situation) will | G99: accepted, to administer and manage Your insurance policy and respond
B100: determine the stamp duty applicable. | G100: to any claim that You make. To do this, Your personal information may
B101: What is the sum insured? | G101: need to be disclosed to reinsurers and service providers and related
B102: The sum insured is the purchase price of the animal paid by the | G102: entities who carry out activities on Our and Rural Affinity’s behalf,
... B121: agent. Rural Affinity arranges policies for and on behalf the Insurer. | G121: manage Your insurance policy and respond to any claim that You make
B122: Rural Affinity acts under a binding authority given to it by the Insurer to
B123: administer and issue policies, alterations and renewals. In everything | G123: Our and Rural Affinity’s privacy policies explain how You may access
B124: to do with this Policy, Rural Affinity acts as an agent for the Insurer | G124: personal information that each of us holds, how to seek correction of
B125: and not for You. | G125: Your personal information, how to make a complaint about the handling
B126: The contact details for Rural Affinity are: | G126: of Your personal information and how complaints are handled. If You
B127: Level 4, 657 Pacific Hwy, St Leonards NSW 2065 | G127: require more information, You can access Rural Affinity’s Privacy Policy
B128: PO Box 160, St Leonards NSW 1590 | G128: at www.ruralaffinity.com.au/privacy and the insurer’s Privacy Policy
B129: T (02) 9496 9300 | www.ruralaffinity.com.au | G129: and Privacy Statement at www.munichre.com/gla/en/about-us.html.
B130: Who is the Insurer? | G130: Dispute resolution
B131: This insurance policy is underwritten and issued by Great Lakes | G131: Any complaints about Our products or services are taken seriously
B132: Australia Insurance SE (ARBN 127 740 532, ABN 18 964 580 576, | G132: by Us and Rural Affinity and will be dealt with fairly and promptly.
B133: AFSL 318603) trading as ‘Great Lakes Australia’. | G133: If You have a complaint please first try to resolve it by speaking to the
B134: More information regarding the insurer can be found on our website | G134: relevant member of the Rural Affinity staff. Rural Affinity can assist by
... B142: contact Us or visit www.codeofpractice.com.au. | G142: discuss. If Your complaint is not immediately resolved Rural Affinity
G143: will respond within 15 business days of receipt of Your complaint or
B144: Your Duty of Disclosure | G144: agree a reasonable alternative timetable with You.
B145: This policy is subject to the Insurance Contracts Act 1984 (Act). | G145: If You are not satisfied with the resolution offered by Rural Affinity’s
B146: Under that Act You have a Duty of Disclosure. | G146: Internal Dispute Resolution Officer, Your complaint will be referred to the
...

Sheet drop downs
A1: Auction - Catalogue | B1: 0 | E1: BULLS | G1: ACT | H1: 0 | J1: NO | L1: Loss of Use Accident | N1: Six Months | O1: 6M | Q1: Are all animals over 6 month old, and under 7 years (Cattle) 4 year (Sheep) of age? | T1: Over 1500km
A2: Private | B2: 0.1 | E2: COWS | F2: 1 | G2: NSW | H2: 0 | J2: YES | L2: Loss of Use Accident & Illness | N2: Twelve Months | O2: 12M | Q2: Do you with to add "Theft" cover? | T2: Stud Stock
B3: 0.15 | E3: EWES | F3: 1 | G3: NT | H3: 0.1 | L3: Mortality | Q3: Do you wish to take a 20% excess of the value of each animal to reduce premium? | T3: Under 1500km | U3: 0.5
B4: 0.2 | E4: GOATS | F4: 1 | G4: TAS | H4: 0.1 | L4: Mortality - Cows inc Parturition | Q4: Have you had 2 or more livestock Insurance claims in the past 5 years?
B5: 0.25 | E5: Other | G5: QLD | H5: 0.09
E6: RAMS | G6: SA | H6: 0.11
G7: VIC | H7: 0
G8: WA | H8: 0.1
A13: Age Limits | B13: min | C13: Max (years)
A14: BULLS | B14: 3 months | C14: 4 | D14: *** 5 years for Loss of use covers
A15: COWS | B15: 4 months | C15: 8
A16: EWES | B16: 5 months | C16: 4
A17: GOATS | B17: 6 months | C17: 4 | F17: {=CONCATENATE('Quick Quote '!F7:H7)} -> Loss of Use Accident & Illness
A18: Other | B18: 7 months | C18: 4
A19: RAMS | B19: 8 months | C19: 4
F21: Loss of Use Accident | G21: 1
A22: Are any of the animals over | C22: {=LOOKUP('Quick Quote '!F6:H6,A14:A19,C14:C19)} -> 4 | D22: #N/A | E22: #N/A | F22: Loss of Use Accident & Illness | G22: 1
A23: years of age? | C23: =LOOKUP(F17,F21:F24,G21:G24) -> 1 | F23: Mortality | G23: 0
C24: =SUM(C22:C23) -> 5 | F24: Mortality - Cows inc Parturition | G24: 0
A25: Final text
A26: =CONCATENATE(A22,"",C24," ",A23) -> Are any of the animals over 5 years of age?

Sheet Rural Affinity Rates 
A1: Type | B1: Time | C1: Value | D1: Cover | E1: Excess | F1: Rate | G1: Code
A2: BULLS | B2: 12M | C2: Less 50 | D2: Loss of Use Accident & Illness | E2: 0 | F2: 0.1425 | G2: =CONCATENATE(A2,"-",B2,"-",C2,"-",D2,"-",E2) -> BULLS-12M-Less 50-Loss of Use Accident & Illness-0
A3: BULLS | B3: 12M | C3: Less 50 | D3: Loss of Use Accident & Illness | E3: 0.2 | F3: 0.114 | G3: =CONCATENATE(A3,"-",B3,"-",C3,"-",D3,"-",E3) -> BULLS-12M-Less 50-Loss of Use Accident & Illness-0.2
A4: BULLS | B4: 12M | C4: Less 50 | D4: Mortality | E4: 0 | F4: 0.0589 | G4: =CONCATENATE(A4,"-",B4,"-",C4,"-",D4,"-",E4) -> BULLS-12M-Less 50-Mortality-0
A5: BULLS | B5: 12M | C5: Less 50 | D5: Mortality | E5: 0.2 | F5: 0.0471 | G5: =CONCATENATE(A5,"-",B5,"-",C5,"-",D5,"-",E5) -> BULLS-12M-Less 50-Mortality-0.2
A6: BULLS | B6: 12M | C6: More 50 | D6: Loss of Use Accident & Illness | E6: 0 | F6: 0.1425 | G6: =CONCATENATE(A6,"-",B6,"-",C6,"-",D6,"-",E6) -> BULLS-12M-More 50-Loss of Use Accident & Illness-0
A7: BULLS | B7: 12M | C7: More 50 | D7: Loss of Use Accident & Illness | E7: 0.2 | F7: 0.114 | G7: =CONCATENATE(A7,"-",B7,"-",C7,"-",D7,"-",E7) -> BULLS-12M-More 50-Loss of Use Accident & Illness-0.2
A8: BULLS | B8: 12M | C8: More 50 | D8: Mortality | E8: 0 | F8: 0.0589 | G8: =CONCATENATE(A8,"-",B8,"-",C8,"-",D8,"-",E8) -> BULLS-12M-More 50-Mortality-0
A9: BULLS | B9: 12M | C9: More 50 | D9: Mortality | E9: 0.2 | F9: 0.0471 | G9: =CONCATENATE(A9,"-",B9,"-",C9,"-",D9,"-",E9) -> BULLS-12M-More 50-Mortality-0.2
A10: BULLS | B10: 6M | C10: Less 50 | D10: Loss of Use Accident & Illness | E10: 0 | F10: 0.114 | G10: =CONCATENATE(A10,"-",B10,"-",C10,"-",D10,"-",E10) -> BULLS-6M-Less 50-Loss of Use Accident & Illness-0
A11: BULLS | B11: 6M | C11: Less 50 | D11: Loss of Use Accident & Illness | E11: 0.2 | F11: 0.0912 | G11: =CONCATENATE(A11,"-",B11,"-",C11,"-",D11,"-",E11) -> BULLS-6M-Less 50-Loss of Use Accident & Illness-0.2
A12: BULLS | B12: 6M | C12: Less 50 | D12: Mortality | E12: 0 | F12: 0.0471 | G12: =CONCATENATE(A12,"-",B12,"-",C12,"-",D12,"-",E12) -> BULLS-6M-Less 50-Mortality-0
A13: BULLS | B13: 6M | C13: Less 50 | D13: Mortality | E13: 0.2 | F13: 0.0377 | G13: =CONCATENATE(A13,"-",B13,"-",C13,"-",D13,"-",E13) -> BULLS-6M-Less 50-Mortality-0.2
... A33: EWES | B33: 6M | C33: More 50 | D33: Mortality | E33: 0.2 | F33: 0.0812 | G33: =CONCATENATE(A33,"-",B33,"-",C33,"-",D33,"-",E33) -> EWES-6M-More 50-Mortality-0.2
A34: GOATS | B34: 12M | C34: Less 50 | D34: Mortality | E34: 0.2 | F34: 0 | G34: =CONCATENATE(A34,"-",B34,"-",C34,"-",D34,"-",E34) -> GOATS-12M-Less 50-Mortality-0.2 | H34: No cover
A35: GOATS | B35: 12M | C35: More 50 | D35: Mortality | E35: 0.2 | F35: 0 | G35: =CONCATENATE(A35,"-",B35,"-",C35,"-",D35,"-",E35) -> GOATS-12M-More 50-Mortality-0.2 | H35: No cover
A36: GOATS | B36: 6M | C36: Less 50 | D36: Mortality | E36: 0.2 | F36: 0 | G36: =CONCATENATE(A36,"-",B36,"-",C36,"-",D36,"-",E36) -> GOATS-6M-Less 50-Mortality-0.2 | H36: No cover
A37: GOATS | B37: 6M | C37: More 50 | D37: Mortality | E37: 0.2 | F37: 0 | G37: =CONCATENATE(A37,"-",B37,"-",C37,"-",D37,"-",E37) -> GOATS-6M-More 50-Mortality-0.2 | H37: No cover
A38: RAMS | B38: 12M | C38: Less 50 | D38: Mortality | E38: 0 | F38: 0.128 | G38: =CONCATENATE(A38,"-",B38,"-",C38,"-",D38,"-",E38) -> RAMS-12M-Less 50-Mortality-0
A39: RAMS | B39: 12M | C39: Less 50 | D39: Mortality | E39: 0.2 | F39: 0.1024 | G39: =CONCATENATE(A39,"-",B39,"-",C39,"-",D39,"-",E39) -> RAMS-12M-Less 50-Mortality-0.2
A40: RAMS | B40: 12M | C40: More 50 | D40: Mortality | E40: 0 | F40: 0.128 | G40: =CONCATENATE(A40,"-",B40,"-",C40,"-",D40,"-",E40) -> RAMS-12M-More 50-Mortality-0
A41: RAMS | B41: 12M | C41: More 50 | D41: Mortality | E41: 0.2 | F41: 0.1024 | G41: =CONCATENATE(A41,"-",B41,"-",C41,"-",D41,"-",E41) -> RAMS-12M-More 50-Mortality-0.2
A42: RAMS | B42: 6M | C42: Less 50 | D42: Mortality | E42: 0 | F42: 0.0845 | G42: =CONCATENATE(A42,"-",B42,"-",C42,"-",D42,"-",E42) -> RAMS-6M-Less 50-Mortality-0
A43: RAMS | B43: 6M | C43: Less 50 | D43: Mortality | E43: 0.2 | F43: 0.0676 | G43: =CONCATENATE(A43,"-",B43,"-",C43,"-",D43,"-",E43) -> RAMS-6M-Less 50-Mortality-0.2
A44: RAMS | B44: 6M | C44: More 50 | D44: Mortality | E44: 0 | F44: 0.0845 | G44: =CONCATENATE(A44,"-",B44,"-",C44,"-",D44,"-",E44) -> RAMS-6M-More 50-Mortality-0
A45: RAMS | B45: 6M | C45: More 50 | D45: Mortality | E45: 0.2 | F45: 0.0676 | G45: =CONCATENATE(A45,"-",B45,"-",C45,"-",D45,"-",E45) -> RAMS-6M-More 50-Mortality-0.2

Sheet All State Rates 
A1: Type | B1: Time | C1: Value | D1: Cover | E1: Excess | F1: Rate | G1: Code
A2: BULLS | B2: 12M | C2: Less 50 | D2: Loss of Use Accident & Illness | E2: 0 | F2: 0.1185 | G2: =CONCATENATE(A2,"-",B2,"-",C2,"-",D2,"-",E2) -> BULLS-12M-Less 50-Loss of Use Accident & Illness-0
A3: BULLS | B3: 12M | C3: Less 50 | D3: Loss of Use Accident & Illness | E3: 0.1 | F3: 0.1066 | G3: =CONCATENATE(A3,"-",B3,"-",C3,"-",D3,"-",E3) -> BULLS-12M-Less 50-Loss of Use Accident & Illness-0.1
A4: BULLS | B4: 12M | C4: Less 50 | D4: Loss of Use Accident & Illness | E4: 0.15 | F4: 0.1007 | G4: =CONCATENATE(A4,"-",B4,"-",C4,"-",D4,"-",E4) -> BULLS-12M-Less 50-Loss of Use Accident & Illness-0.15
A5: BULLS | B5: 12M | C5: Less 50 | D5: Loss of Use Accident & Illness | E5: 0.2 | F5: 0.0948 | G5: =CONCATENATE(A5,"-",B5,"-",C5,"-",D5,"-",E5) -> BULLS-12M-Less 50-Loss of Use Accident & Illness-0.2
A6: BULLS | B6: 12M | C6: Less 50 | D6: Loss of Use Accident & Illness | E6: 0.25 | F6: 0.0888 | G6: =CONCATENATE(A6,"-",B6,"-",C6,"-",D6,"-",E6) -> BULLS-12M-Less 50-Loss of Use Accident & Illness-0.25
A7: BULLS | B7: 12M | C7: Less 50 | D7: Loss of Use Accident | E7: 0 | F7: 0.1135 | G7: =CONCATENATE(A7,"-",B7,"-",C7,"-",D7,"-",E7) -> BULLS-12M-Less 50-Loss of Use Accident-0
A8: BULLS | B8: 12M | C8: Less 50 | D8: Loss of Use Accident | E8: 0.1 | F8: 0.1022 | G8: =CONCATENATE(A8,"-",B8,"-",C8,"-",D8,"-",E8) -> BULLS-12M-Less 50-Loss of Use Accident-0.1
A9: BULLS | B9: 12M | C9: Less 50 | D9: Loss of Use Accident | E9: 0.15 | F9: 0.0965 | G9: =CONCATENATE(A9,"-",B9,"-",C9,"-",D9,"-",E9) -> BULLS-12M-Less 50-Loss of Use Accident-0.15
A10: BULLS | B10: 12M | C10: Less 50 | D10: Loss of Use Accident | E10: 0.2 | F10: 0.0908 | G10: =CONCATENATE(A10,"-",B10,"-",C10,"-",D10,"-",E10) -> BULLS-12M-Less 50-Loss of Use Accident-0.2
A11: BULLS | B11: 12M | C11: Less 50 | D11: Loss of Use Accident | E11: 0.25 | F11: 0.0851 | G11: =CONCATENATE(A11,"-",B11,"-",C11,"-",D11,"-",E11) -> BULLS-12M-Less 50-Loss of Use Accident-0.25
A12: BULLS | B12: 12M | C12: Less 50 | D12: Mortality | E12: 0 | F12: 0.0543 | G12: =CONCATENATE(A12,"-",B12,"-",C12,"-",D12,"-",E12) -> BULLS-12M-Less 50-Mortality-0
A13: BULLS | B13: 12M | C13: Less 50 | D13: Mortality | E13: 0.1 | F13: 0.0489 | G13: =CONCATENATE(A13,"-",B13,"-",C13,"-",D13,"-",E13) -> BULLS-12M-Less 50-Mortality-0.1
... A201: RAMS | B201: 6M | C201: More 50 | D201: Mortality | E201: 0.25 | F201: 0.0494 | G201: =CONCATENATE(A201,"-",B201,"-",C201,"-",D201,"-",E201) -> RAMS-6M-More 50-Mortality-0.25

Sheet Manual rates
A1: CATEGORY | D1: COVER | F1: PERIOD OF COVER
F2: 6 mths | G2: 12 mths
A3: Cattle - Bulls | D3: Mortality | F3: 0.0471 | G3: 0.0589
D4: Mortality & Loss of use | F4: 0.114 | G4: 0.1425
A5: Cattle - Cows & Other | D5: Mortality | F5: 0.05 | G5: 0.074
A6: Sheep - Rams* | D6: Mortality | F6: 0.0845 | G6: 0.128
A7: Sheep - Ewes | D7: Mortality | F7: 0.1015 | G7: 0.1485
A8: All | D8: Theft (not available as stand alone cover) | F8: 0.0045 | G8: 0.007
A10: *Maximum Sum Insured per animal is $70,000.
A11: *Rams - Mortality plus Loss of use accident, please contact RMA Insurance Brokers
A12: *$11 Underwriter/Broker fee aplies to each policy. ($10 plus GST)
A14: Stamp Duty - Location | D14: Calculation formula (premiums over $910)
A16: NSW | B16: 0 | D16: Total Sum Insured
A17: VIC | B17: 0 | D17: Premium @ % Note minimum premium $910 + SD and GST
A18: ACT | B18: 0
A19: QLD | B19: 0.09 | D19: Add GST 10.00%
A20: TAS | B20: 0.1 | D20: SUB TOTAL
A21: SA | B21: 0.11 | D21: Add SD @ %**
A22: WA | B22: 0.1 | D22: Underwriter Fee $75 + GST | G22: 82.5
A23: NT | B23: 0.1 | D23: TOTAL | G23: $
A25: What stamp duty applies?
A26: The address where the animal is to be located (Situation) will determine the stamp
A27: duty applicable.
A28: What is the sum insured?
A29: The sum insured is the purchase price of the animal paid by the insured.
A30: What age restrictions are applicable?
A31: • Cattle – minimum 6 months, maximum rising 7 years
A32: • Sheep – minimum 6 months, maximum rising 4 years.
A33: When does cover take effect?
A34: From fall of hammer on the day of sale, provided:
A35: • the application card has been signed and dated by the insured (or their agent) on
A36: the day of sale and no loss has occurred prior to signing the card.
... A41: questions’ in this card.

Sheet Rates & Rating
A1: Rates | B1: Type | C1: 6 Months | D1: 12 months | G1: Rates | H1: Type | I1: 6 Months | J1: 12 months
A2: Bull | B2: Mortality | C2: 0.0471 | D2: 0.0589 | G2: Bull | H2: Mortality & Loss of Use | I2: 0.114 | J2: 0.1425 | O2: CGU | P2: 5.5% loading if required to be used | T2: 0.057
A3: Cow | B3: Mortality | C3: 0.05 | D3: 0.074 | G3: Ram | H3: Mortality & Loss of Use | I3: 0.1109 | J3: 0.1668 | O3: RA
A4: Ewe | B4: Mortality | C4: 0.1015 | D4: 0.1485
A5: Ram | B5: Mortality | C5: 0.0845 | D5: 0.128
O6: Insurers
B7: minumum base premium | C7: 910 | O7: Rural Affinity Insurance | P7: Rural Affinity Insurance Agency Pty Ltd | Q7: ABN 72 119 838 854 AFS Licence No. 302182 | R7: Underwritten by Great Lakes Insurance SE trading as Great Lakes Australia (ARBN 127 740 532, ABN 18 964 580 576, AFSL 318603)
O8: Rural Affinity Insurance | P8: Rural Affinity Insurance Agency Pty Ltd | Q8: ABN 72 119 838 854 AFS Licence No. 302182 | R8: Underwritten by Great Lakes Insurance SE trading as Great Lakes Australia (ARBN 127 740 532, ABN 18 964 580 576, AFSL 318603)
B9: THEFT | C9: 0.0045 | D9: 0.007
I10: Stud | J10: Under 1500
B11: TRANSIT INSURANCE ONLY | C11: =IF('Quote & Application'!#REF!='drop downs'!T3,J11,I11) -> #REF! | D11: referal for any animals over $35,000 | I11: 0.01 | J11: 0.005
A13: Calculations
A15: Type | B15: =CONCATENATE('Quote & Application'!E6) -> BULLS | C15: Mortality | D15: 6 Months | E15: =LOOKUP(B15,A2:A5,C2:C5) -> 0.0471 | F15: Mortality | G15: 12 Months | H15: =LOOKUP(B15,A2:A5,D2:D5) -> 0.0589
C16: Mortality & Loss of Use | D16: 6 Months | E16: =LOOKUP(B15,G2:G3,I2:I3) -> 0.114 | F16: Mortality & Loss of Use | G16: 12 Months | H16: =LOOKUP(B15,G2:G3,J2:J3) -> 0.1425
F18: Theft
B19: =CONCATENATE('Quote & Application'!E7) -> Mortality & Loss of Use | C19: Six Months | D19: =LOOKUP(B19,C15:C16,E15:E16) -> 0.114 | F19: =SUM(C9) -> 0.0045
C20: Twelve Months | D20: =LOOKUP(B19,F15:F16,H15:H16) -> 0.1425 | F20: =SUM(D9) -> 0.007
B22: =CONCATENATE('Quote & Application'!E8) -> Twelve Months | C22: =LOOKUP(B22,C19:C20,D19:D20) -> 0.1425 | F22: =LOOKUP(B22,C19:C20,F19:F20) -> 0.007
A24: CGU
A26: theft | B26: =CONCATENATE('Quote & Application'!I23) -> NO | C26: =IF('Quote & Application'!I23="Yes",F22,0) -> 0
B29: Overall Rate | C29: =SUM(C22+C26) -> 0.1425
